 Dungeon Crawl Stone Soup version 0.29-a0-378-gc08b2e8bf8 (webtiles) character file.

Game seed: 8387382618986791711

173 Majang the Sneak (level 5, -3/34 HPs)
             Began as a Kobold Delver on May 4, 2022.
             Was an Initiate of Dithmenos.
             Slain by a gnoll
             ... wielding a +0 flail
              (11 damage)
             ... on level 4 of the Dungeon.
             The game lasted 00:07:11 (1434 turns).

Majang the Sneak (Kobold Delver)                    Turns: 1434, Time: 00:07:12

Health: -3/34      AC:  3    Str:  9    XL:     5   Next: 83%
Magic:  5/5        EV: 15    Int: 11    God:    Dithmenos [......]
Gold:   32         SH:  0    Dex: 19    Spells: 4/4 levels left

rFire   . . .      SeeInvis .   a - +0 short sword
rCold   . . .      Faith    .   (no shield)
rNeg    . . .      Spirit   .   b - +0 leather armour
rPois   .          Reflect  .   (no helmet)
rElec   .          Harm     .   (no cloak)
rCorr   .          Rampage  .   (no gloves)
Will    .....                   (no boots)
Stlth   ++++......              (no amulet)
HPRegen 0.11/turn               (no ring)
MPRegen 0.09/turn               (no ring)

@: no status effects
A: small, no large weapons, nightstalker 3
a: Renounce Religion


You were on level 4 of the Dungeon.
You worshipped Dithmenos.
Dithmenos was noncommittal.
You visited 2 branches of the dungeon, and saw 4 of its levels.

You collected 32 gold pieces.

Inventory:

Hand Weapons
 a - a +0 short sword (weapon)
Armour
 b - a +0 leather armour (worn)
Wands
 g - a wand of digging (3)
 j - a wand of mindburst (11)
Scrolls
 c - a scroll of fog
 d - a scroll of magic mapping
 e - a scroll of fear
 i - 2 scrolls of identify {unknown}
 k - a scroll of poison {unknown}
Potions
 f - a potion of heal wounds {unknown}
 l - a potion of attraction {unknown}


   Skills:
 + Level 4.3 Fighting
 * Level 5.5 Short Blades
 + Level 2.9 Dodging
 + Level 6.8 Stealth
 + Level 1.0 Invocations
 + Level 1.1 Evocations


You had 4 spell levels left.
You didn't know any spells.
Your spell library was empty.

Dungeon Overview and Level Annotations

Branches:
Dungeon (5/15)             Temple (1/1) D:4

Altars:
Ashenzari
Cheibriados
Dithmenos
Fedhas
Gozag
Makhleb
Nemelex Xobeh
Qazlal
Trog
Uskayaw
Wu Jian
Yredelemnul
The Shining One


Innate Abilities, Weirdness & Mutations

You are small and have problems with some larger weapons.
You are completely attuned to the shadows.


Message History

You hit the hound.
The hound is severely wounded.
The hound completely misses you. The hound closely misses you.
You hit the hound.
The hound is almost dead.
The hound closely misses you.
You hit the hound but do no damage.
The hound is almost dead.
The hound bites you.
* * * LOW HITPOINT WARNING * * *
You hit the hound.
You kill the hound!
Dithmenos accepts your kill.
Your Invocations skill increases to level 1!
Your Evocations skill increases to level 1!
Unknown command.
You feel better.
You hit the gnoll.
The gnoll is moderately wounded.
The gnoll hits you but does no damage.
You hit the gnoll but do no damage.
The gnoll is moderately wounded.
The gnoll barely misses you.
You hit the gnoll.
The gnoll is heavily wounded.
The gnoll closely misses you.
You hit the gnoll.
The gnoll is heavily wounded.
The gnoll hits you with a +0 flail.
* * * LOW HITPOINT WARNING * * *
You hit the gnoll but do no damage.
The gnoll is heavily wounded.
You hit the gnoll.
The gnoll is severely wounded.
The gnoll hits you with a +0 flail.
* * * LOW HITPOINT WARNING * * *
You hit the gnoll but do no damage.
The gnoll is severely wounded.
The gnoll hits you with a +0 flail!
You die...

###.........# #####..
............# #......
###....#....# #......
......#.#### #......
.#####.#.# #.....#
.....#.# #.....#
#...)<#.# #.....#
#.###.#.# #.....#
#..@g.#.# #######
####################.#
.....................#
######################


You could see a gnoll.

Vanquished Creatures
  A howler monkey (D:5)
  A hound (D:4)
  2 orc wizards (D:3)
  A gnoll (D:3)
  3 adders
  4 orcs
  An endoplasm (D:4)
  A giant cockroach (D:4)
  A goblin (D:3)
  2 hobgoblins
  A ball python (D:3)
  A bat (D:3)
  A rat (D:3)
20 creatures vanquished.

Notes
Turn   | Place    | Note
-------+----------+-------------------------------------------
     0 | D:5      | Majang the Kobold Delver began the quest for the Orb.
     0 | D:5      | Reached XP level 1. HP: 14/14 MP: 1/1
    14 | D:5      | Reached XP level 2. HP: 19/19 MP: 2/2
    64 | D:5      | Noticed a howler monkey
    68 | D:5      | Killed a howler monkey
    69 | D:5      | Reached XP level 3. HP: 24/24 MP: 3/3
    69 | D:5      | Reached XP level 4. HP: 29/29 MP: 4/4
   138 | D:4      | Noticed an ogre
   363 | D:4      | Found a staircase to the Ecumenical Temple.
   369 | Temple   | Entered the Ecumenical Temple
   675 | Temple   | Became a worshipper of Dithmenos the Shadowed
  1190 | D:3      | Reached skill level 5 in Short Blades
  1190 | D:3      | Reached XP level 5. HP: 33/33 MP: 5/5
  1313 | D:3      | Found a blossoming altar of Fedhas.
  1314 | D:3      | Found a stormy altar of Qazlal.
  1427 | D:4      | Reached skill level 1 in Invocations
  1427 | D:4      | Reached skill level 1 in Evocations
  1434 | D:4      | Slain by a gnoll

Illustrated notes

Levels and vault maps discovered:
D:3:      layout_rooms, grunt_temple_overflow_forces_of_nature,
          kennysheep_generic_room_3
D:4:      layout_basic, minmay_temple_entry_poolview, nicolae_shop_unique_rings,
          hangedman_decor_growths
D:5:      layout_loops_corners, uniq_ijyb
Temple:   minmay_temple_curvy_loop

Skill      XL: |  1  2  3  4  5 |
---------------+----------------+-----
Short Blades   | 3 4 5 |  5.5
Fighting       | 4 |  4.3
Invocations    | 1 |  1.0
Evocations     | 1 |  1.1
Dodging        | |  2.9
Stealth        | |  6.8

Action                   |  1- 3 |  4- 6 || total
-------------------------+-------+-------++-------
Melee: Short sword       |     2 |    84 ||    86
       Punch             |       |     2 ||     2
  Use: Potion            |       |     3 ||     3
 Stab: Sleeping          |     2 |     5 ||     7
Armor: Leather armour    |       |    18 ||    18
Dodge: Dodged            |       |    93 ||    93

Table legend: (Time is in decaauts)
 A = Elapsed time spent in this place.
 B = Non-inter-level travel time spent in this place.
 C = Inter-level travel time spent in this place.
 D = Time resting spent in this place.
 E = Time spent auto-exploring this place.
 F = Levels seen in this place.
 G = Mean time per level.
                   A        B        C        D        E       F      G
               +--------+--------+--------+--------+--------+-----+--------+
         Total |   1406 |   1294 |    112 |    382 |    271 |   4 |  351.5 |
       Dungeon |   1065 |   1016 |     49 |    382 |      0 |   3 |  355.0 |
        Temple |    340 |    277 |     63 |      0 |    271 |   1 |  340.0 |
               +--------+--------+--------+--------+--------+-----+--------+

Top non-repeatable levels by time:
     D:4: 611 daAuts
  Temple: 340 daAuts
     D:3: 322 daAuts
     D:5: 131 daAuts
